[Event "*** Titled Tuesday Blitz"]
[Site "Chess.com"]
[Date "2021.02.02"]
[Round "8"]
[White "Vusatiuk_Vladimir"]
[Black "szefru"]
[Result "0-1"]
[WhiteElo "2384"]
[BlackElo "2240"]
[TimeControl "180+1"]
[EndTime "11:27:49 PST"]
[Termination "szefru won by resignation"]

1. d4 Nf6 2. c4 g6 3. Nc3 Bg7 4. e4 d6 5. Be2 O-O 6. Bg5 Nc6 7.
Nf3 Bg4 8. O-O e5 9. d5 Ne7 10. Nd2 Bxe2 11. Qxe2 Nd7 12. b4 f5 13. exf5 gxf5 14. Rae1 Qe8 15. f3 Ng6 16. Be3 a6 17. Qf2 f4 18. Nde4 fxe3 19. Qxe3 Nf4 20. c5 Qg6 21. g3 Nf6 22. cxd6 Nxe4 23. fxe4 cxd6 24.
Kh1 Nh3 25. Qb6 Rac8 26. Rxf8+ Bxf8 27. Re3 Rxc3 28. Rxc3 Qxe4+ 0-1

[Event "*** Titled Tuesday Blitz"]
[Site "Chess.com"]
[Date "2021.02.02"]
[Round "8"]
[White "eljanov"]
[Black "Vugar_Manafov"]
[Result "1-0"]
[WhiteElo "2883"]
[BlackElo "2659"]
[TimeControl "180+1"]
[EndTime "11:27:52 PST"]
[Termination "eljanov won by resignation"]

1. Nf3 Nf6 2. g3 g6 3. Bg2 Bg7 4. O-O O-O 5. c4 d6 6. Nc3 Nc6 7. d4 e5 8. dxe5 dxe5 9. Bg5 Qxd1 10. Rfxd1 h6 11. Bxf6 Bxf6 12. Nd5 Bd8 13. e3 Be6 14. Nd2 Rb8 15. Rac1 Ne7 16. Ne4 c6 17. Ndf6+ Kg7 18. Nd7 Bxd7 19. Rxd7 Ng8 20. Nc5 Kf6 21. Rxb7 Rxb7 22.
Nxb7 Ne7 23. Rd1 Bc7 24. Rd7 Rc8 25. Nc5 Bb6 26. Ne4+ Ke6 27. Rd6+ Kf5 28. Rf6+ Kg4 29. h3+ 1-0

[Event "*** Titled Tuesday Blitz"]
[Site "Chess.com"]
[Date "2021.02.02"]
[Round "8"]
[White "Susik_Gaboyan"]
[Black "Balla_Tamas"]
[Result "0-1"]
[WhiteElo "2313"]
[BlackElo "2489"]
[TimeControl "180+1"]
[EndTime "11:28:02 PST"]
[Termination "Balla_Tamas won on time"]

1. Nf3 g6 2. g3 Bg7 3. Bg2 c5 4. O-O Nc6 5. c3 d5 6. d4 e6 7. dxc5 Nge7 8. Bf4 O-O 9. Nbd2 e5 10.
Be3 Nf5 11. Bg5 f6 12. Be3 Be6 13. b4 Qe7 14. Nb3 Nxe3 15. fxe3 Bh6 16. Kf2 Rad8 17. Qc2 Bf5 18. Qb2 a5 19. b5 Nb8 20. a4 Nd7 21.
Rfd1 Nxc5 22. Nxc5 Qxc5 23. Qd2 Be4 0-1

[Event "*** Titled Tuesday Blitz"]
[Site "Chess.com"]
[Date "2021.02.02"]
[Round "8"]
[White "Msb2"]
[Black "SGchess01"]
[Result "1-0"]
[WhiteElo "2913"]
[BlackElo "2811"]
[TimeControl "180+1"]
[EndTime "11:28:04 PST"]
[Termination "Msb2 won by resignation"]

1. d4 Nf6 2. Nc3 d6 3. Nf3 Nbd7 4. Bf4 c5 5. d5 b5 6. Nxb5 Qa5+ 7. Nc3 Rb8 8. Bd2 Rxb2 9. Qc1 Rb8 10. e4 Qd8 11.
Be2 g6 12. O-O Bg7 13. Bh6 O-O 14. Bxg7 Kxg7 15. Qe3 Qa5 16. h3 Re8 17. e5 dxe5 18. Nxe5 Nxe5 19. Qxe5 Bf5 20. g4 Bxc2 21. g5 Bf5 22. d6 Kg8 23. gxf6 exf6 24. Qg3 Rb2 25. Bg4 Re5 26. Rad1 h5 27. d7 Bxd7 28. Bxd7 Rg5 29. Bg4 hxg4 30. Ne4 1-0

[Event "*** Titled Tuesday Blitz"]
[Site "Chess.com"]
[Date "2021.02.02"]
[Round "8"]
[White "anon219"]
[Black "Margency"]
[Result "1-0"]
[WhiteElo "2885"]
[BlackElo "2635"]
[TimeControl "180+1"]
[EndTime "11:28:09 PST"]
[Termination "anon219 won by resignation"]

1. e4 c5 2. Nf3 d6 3. d4 cxd4 4.
Nxd4 Nf6 5. Nc3 a6 6. g3 e6 7. Bg2 Be7 8. O-O O-O 9. Nce2 Qc7 10. b3 Nc6 11. c4 Bd7 12. Bb2 Rac8 13. Rc1 Qb8 14. a4 Rfe8 15. Qd2 d5 16. cxd5 exd5 17. exd5 Nb4 18. Nf4 Bd6 19. Rc4 a5 20. Nb5 Be5 21. Rfc1 Bxb2 22. Qxb2 Bxb5 23. Rxc8 Rxc8 24. Rxc8+ Qxc8 25. axb5 Qc5 26. Qe5 h6 27. Qb8+ Kh7 28. h3 Qxb5 29.
Qc7 Nbxd5 30. Nxd5 Nxd5 31. Be4+ g6 32. Qxf7+ Kh8 33.
Qxd5 1-0

[Event "*** Titled Tuesday Blitz"]
[Site "Chess.com"]
[Date "2021.02.02"]
[Round "8"]
[White "Ariadna_Atreides"]
[Black "ketster"]
[Result "0-1"]
[WhiteElo "2181"]
[BlackElo "2397"]
[TimeControl "180+1"]
[EndTime "11:28:10 PST"]
[Termination "ketster won by resignation"]

1. Nf3 Nf6 2. d4 d5 3. c4 e6 4. e3 c5 5. Nc3 Nc6 6. cxd5 exd5 7. Be2 Bd6 8. O-O O-O 9. dxc5 Bxc5 10. a3 a6 11. b4 Ba7 12. Bb2 Bg4 13. b5 Na5 14.
Nd4 Bxe2 15. Ncxe2 Nc4 16. Bc3 Ne4 17. a4 Bc5 18.
Rb1 Qd7 19. Bb4 Bxb4 20. Rxb4 a5 21. Rb3 Rac8 22. Nf4 Ned2 23. Rd3 Nxf1 24. Qxf1 Nb2 25. Ra3 Qd6 26. Ra1 Rc4 27. Qe2 Nxa4 28. Nf5 Qe5 0-1

[Event "*** Titled Tuesday Blitz"]
[Site "Chess.com"]
[Date "2021.02.02"]
[Round "8"]
[White "Artem_Sadovsky"]
[Black "motivated_bishop"]
[Result "0-1"]
[WhiteElo "2553"]
[BlackElo "2415"]
[TimeControl "180+1"]
[EndTime "11:28:15 PST"]
[Termination "motivated_bishop won on time"]

1. Nf3 g6 2. h4 h5 3. d3 Bg7 4. e4 d6 5. Ng5 Nf6 6. Nc3 c5 7. d4 cxd4 8. Qxd4 Nc6 9. Qa4 O-O 10.
Bc4 Bd7 11. Qa3 a6 12. Nd5 Rc8 13. Be3 Ne5 14. Bb3 Nc4 15. Bxc4 Rxc4 16. Qd3 Bb5 17. b3 Rc8 18. c4 Nxd5 19. exd5 Bxa1 20. Ne6 fxe6 21.
Qxg6+ Bg7 22. O-O Qe8 23. Qg3 Bd7 24. Bh6 Qf7 0-1

[Event "*** Titled Tuesday Blitz"]
[Site "Chess.com"]
[Date "2021.02.02"]
[Round "8"]
[White "FearNoEvil12"]
[Black "Ziyamammadov"]
[Result "1-0"]
[WhiteElo "2190"]
[BlackElo "1749"]
[TimeControl "180+1"]
[EndTime "11:28:15 PST"]
[Termination "FearNoEvil12 won by resignation"]

1. e4 e6 2. d4 d5 3. Nc3 dxe4 4.
Nxe4 Nd7 5. Nf3 Ngf6 6. Bd3 Nxe4 7. Bxe4 Nf6 8. Bd3 c5 9. dxc5 Bxc5 10. O-O O-O 11.
Bg5 h6 12. Bh4 b6 13. Qe2 Be7 14. Rad1 Qc7 15. Rfe1 Bb7 16. Ne5 Rad8 17. f3 Nd5 18. Bxe7 Qxe7 19. a3 Nf4 20. Qe3 Nxd3 21. Rxd3 Qc5 22.
Qxc5 bxc5 23. Red1 Rxd3 24. Rxd3 Bd5 25. c4 Bb7 26.
Rd7 Rb8 27. Rxf7 Bc8 28. Rxa7 Kf8 29. Nc6 Rb7 30. Rxb7 Bxb7 31. Ne5 Ke7 32. Kf2 g5 33. Ke3 Kf6 34. Nd3 Ba6 35. b3 Bc8 36. Nxc5 Ke5 37. a4 Kd6 38. Ne4+ Ke5 39. b4 Ba6 40. b5 Bb7 41. a5 Bxe4 42. fxe4 Kd6 43. Kd4 e5+ 44. Kc3 Kc5 45. a6 Kb6 46. Kb4 1-0

[Event "*** Titled Tuesday Blitz"]
[Site "Chess.com"]
[Date "2021.02.02"]
[Round "8"]
[White "bogcsab"]
[Black "karinachess1"]
[Result "0-1"]
[WhiteElo "2189"]
[BlackElo "2479"]
[TimeControl "180+1"]
[EndTime "11:28:17 PST"]
[Termination "karinachess1 won on time"]

1. d4 Nf6 2. c4 e6 3. Nf3 d5 4. g3 dxc4 5. Bg2 Nc6 6. O-O Rb8 7.
a4 a6 8. e3 Bb4 9. Nfd2 Na5 10. Qc2 b5 11. Na3 O-O 12. axb5 axb5 13. Nf3 c5 14.
Rd1 Qe7 15. Ne5 Bb7 16. e4 cxd4 17. Rxd4 Nb3 0-1

[Event "*** Titled Tuesday Blitz"]
[Site "Chess.com"]
[Date "2021.02.02"]
[Round "8"]
[White "Jadeit90"]
[Black "Skatchkov_V"]
[Result "1-0"]
[WhiteElo "2431"]
[BlackElo "2514"]
[TimeControl "180+1"]
[EndTime "11:28:18 PST"]
[Termination "Jadeit90 won by resignation"]

1. g3 Nf6 2. Bg2 g6 3. e4 Bg7 4. Nc3 d6 5. d4 O-O 6. Nge2 c5 7. O-O cxd4 8. Nxd4 Nc6 9. h3 Bd7 10. Be3 a6 11. a4 Rc8 12. Qe2 Ne5 13. Rfd1 Nc4 14. Bc1 Qa5 15. Nb3 Qb4 16. Bg5 Nxb2 17. Bxf6 Nxd1 18. Nd5 Qc4 19. Nxe7+ Kh8 20. Bxg7+ Kxg7 21. Qxd1 Rce8 22. Nd5 Bc6 23. Qd4+ Qxd4 24. Nxd4 Bxd5 25. exd5 Rc8 26. Rb1 Rc4 27. c3 Rb8 28. Nc6 Re8 29. Rxb7 Rxc3 30. Rb2 Ra3 31. a5 Re1+ 32. Kh2 h5 33. h4 Rc1 34. Re2 Rcc3 35. Be4 Rc4 36. Kg2 Rc1 37. Bf3 Rcc3 38. Be4 f5 39. Bc2 Ra2 40. Nd4 Rxa5 41. Re7+ Kf8 42. Rd7 Rxd5 43. Ne6+ Ke8 44. Ba4 Ra5 45. Rc7+ Rxa4 46. Rxc3 Ke7 47.
Nf4 Kf6 48. Rc6 1-0

[Event "*** Titled Tuesday Blitz"]
[Site "Chess.com"]
[Date "2021.02.02"]
[Round "8"]
[White "HouseOfDurin"]
[Black "hangemhigh"]
[Result "0-1"]
[WhiteElo "2109"]
[BlackElo "2277"]
[TimeControl "180+1"]
[EndTime "11:28:22 PST"]
[Termination "hangemhigh won on time"]

1. d4 d5 2. Bg5 f6 3. Bh4 c5 4. c3 Nc6 5. e3 Qb6 6. Qc2 Bf5 7. Qxf5 Qxb2 8. Qxd5 Qxa1 9. Qb3 O-O-O 10. Bc4 e5 11. Bxg8 Rxg8 12. Ne2 cxd4 13. O-O d3 14. Na3 Qxf1+ 15.
Kxf1 Bxa3 16. Nd4 exd4 17. exd4 Rge8 18. f3 d2 19. Qc2 Bc1 0-1

[Event "*** Titled Tuesday Blitz"]
[Site "Chess.com"]
[Date "2021.02.02"]
[Round "8"]
[White "sergeikim"]
[Black "kobemagic"]
[Result "1-0"]
[WhiteElo "2505"]
[BlackElo "2361"]
[TimeControl "180+1"]
[EndTime "11:28:28 PST"]
[Termination "sergeikim won by resignation"]

1. d4 Nf6 2. c4 c5 3. d5 b5 4. cxb5 a6 5. b6 d6 6. Nc3 Nbd7 7.
e4 g6 8. Nf3 Bg7 9. Be2 O-O 10.
O-O Nxb6 11. a4 a5 12. Nd2 Ba6 13. Bxa6 Rxa6 14. Qe2 Ra8 15. Ra3 Nfd7 16. Nb5 Rb8 17. b3 Ne5 18. f4 Ned7 19. Nc4 Nxc4 20. bxc4 Nb6 21. Bd2 Ra8 22. Bc3 Bxc3 23. Nxc3 Qd7 24. Nb5 e6 25. f5 exf5 26. exf5 Rae8 27. Qc2 Re5 28. Raf3 Rfe8 29. Qc1 Rxf5 30. Rxf5 gxf5 31. Qg5+ Kh8 32. Qf6+ Kg8 33. Nxd6 Re2 34. Nxf5 1-0

[Event "*** Titled Tuesday Blitz"]
[Site "Chess.com"]
[Date "2021.02.02"]
[Round "8"]
[White "Homino"]
[Black "MoreChessJulia"]
[Result "1/2-1/2"]
[WhiteElo "2290"]
[BlackElo "2162"]
[TimeControl "180+1"]
[EndTime "11:28:28 PST"]
[Termination "Game drawn by repetition"]

1. e4 c5 2. Nf3 g6 3. d4 cxd4 4. Nxd4 Bg7 5. c4 Nc6 6. Be3 Nf6 7. Nc3 d6 8. Be2 O-O 9. O-O Qa5 10. Nb3 Qc7 11. Nd5 Qd8 12. f3 Be6 13. Rc1 b6 14.
Qd2 Ne5 15. Nd4 Bxd5 16. exd5 Qd7 17. Bh6 Rfc8 18. Bxg7 Kxg7 19. f4 Neg4 20. h3 Nh6 21. f5 Nxf5 22. Nxf5+ gxf5 23. Qg5+ Kh8 24. Rxf5 Rg8 25. Qf4 Rg6 26. Bf3 Rag8 27. h4 Qa4 28. h5 R6g7 29. Rxf6 exf6 30. Qxf6 h6 31. Qxh6+ Rh7 32. Qf6+ Rhg7 33. h6 Qxa2 34. hxg7+ Rxg7 35. Qxd6 Qxb2 36. Qf8+ Kh7 37. Rf1 Qd4+ 38. Rf2 Qa1+ 39.
Rf1 Qd4+ 40. Kh2 Qh4+ 41. Kg1 Qd4+ 1/2-1/2

[Event "*** Titled Tuesday Blitz"]
[Site "Chess.com"]
[Date "2021.02.02"]
[Round "8"]
[White "mshuaau0"]
[Black "JiiHart"]
[Result "1-0"]
[WhiteElo "2274"]
[BlackElo "2112"]
[TimeControl "180+1"]
[EndTime "11:28:28 PST"]
[Termination "mshuaau0 won on time"]

1. e4 e5 2. Nf3 Nc6 3. d4 exd4 4. Nxd4 Bc5 5. Nxc6 Qf6 6. Qf3 Qxc6 7. Nc3 Bb4 8.
Bd2 Nf6 9. Bd3 d6 10. h3 O-O 11.
O-O-O Be6 12. g4 Nd7 13. Bb5 Qb6 14. Bxd7 Bxd7 15. Nd5 Bxd2+ 16. Rxd2 Qa5 17. a3 Be6 18. h4 Rae8 19. Nf4 b5 20. h5 b4 21. h6 bxa3 22. bxa3 Rb8 23. hxg7 Rfe8 24. Nh5 Rb1+ 25. Kxb1 1-0

[Event "*** Titled Tuesday Blitz"]
[Site "Chess.com"]
[Date "2021.02.02"]
[Round "8"]
[White "svilson23"]
[Black "chescomhuynya"]
[Result "0-1"]
[WhiteElo "2287"]
[BlackElo "2519"]
[TimeControl "180+1"]
[EndTime "11:28:32 PST"]
[Termination "chescomhuynya won on time"]

1. d4 Nf6 2. Bg5 Ne4 3. Bf4 c5 4. d5 Qb6 5. Qc1 e6 6. f3 Nf6 7.
dxe6 fxe6 8. e4 d5 9. Nd2 Be7 10. Nh3 O-O 11. e5 Nfd7 12. c4 Nc6 13. Be2 Ndxe5 14. O-O Nd4 15. Qd1 Ng6 16. Bg3 Qxb2 17. Rb1 Qxa2 18. Bd3 b6 19. Re1 Bf6 20. Ra1 Qb2 21.
Rc1 Ba6 22. Rb1 Qc3 23. Nf1 Bxc4 24. Bxg6 hxg6 25. Re3 Qa5 26. Ra1 Qb5 27. Qc1 Nb3 0-1

[Event "*** Titled Tuesday Blitz"]
[Site "Chess.com"]
[Date "2021.02.02"]
[Round "8"]
[White "maximnovik"]
[Black "PavelChernomordik"]
[Result "1-0"]
[WhiteElo "2563"]
[BlackElo "2389"]
[TimeControl "180+1"]
[EndTime "11:28:35 PST"]
[Termination "maximnovik won by resignation"]

1. Nf3 g6 2. g3 Bg7 3. Bg2 e5 4. O-O Nc6 5. c4 d6 6. Nc3 Be6 7. d3 h6 8. Rb1 Qd7 9. b4 Bh3 10.
b5 Nd8 11. e4 Bxg2 12. Kxg2 Ne6 13. Be3 f5 14. exf5 gxf5 15. Nh4 Qf7 16. Nd5 f4 17. Bd2 c6 18. bxc6 bxc6 19. Qa4 Rc8 20. Qa6 Qd7 21.
Rb7 Qd8 22. Ba5 Qg5 23. Rxg7 Nxg7 24. Qxc8+ Kf7 25. Qxc6 Ne6 26. Qxd6 1-0

[Event "*** Titled Tuesday Blitz"]
[Site "Chess.com"]
[Date "2021.02.02"]
[Round "8"]
[White "benko_008"]
[Black "davidkalashian"]
[Result "0-1"]
[WhiteElo "2404"]
[BlackElo "2578"]
[TimeControl "180+1"]
[EndTime "11:28:36 PST"]
[Termination "davidkalashian won by resignation"]

1. Nf3 Nf6 2. c4 e6 3. Nc3 Bb4 4. Qc2 O-O 5. a3 Bxc3 6. Qxc3 b6 7. b4 Bb7 8. Bb2 d6 9. e3 Nbd7 10. Be2 Re8 11. O-O e5 12. d3 Qe7 13. Nd2 Nf8 14. Bf3 c6 15. b5 cxb5 16. Bxb7 Qxb7 17.
cxb5 Rac8 18. Qb3 Ne6 19. a4 Nc5 20. Qa3 Qd5 21. d4 Nce4 22. Nf3 Ng4 23. Rad1 Nexf2 24. Rxf2 Nxf2 25. Kxf2 Rc2+ 26. Rd2 Rec8 27. Qd3 Rxb2 28. Rxb2 e4 29. Rc2 Rf8 30. Qc4 Qf5 31. g4 Qxf3+ 32. Ke1 Qxe3+ 33. Kd1 Qg1+ 34. Kd2 Qxg4 35. Kc3 Rc8 36.
Kb2 Rxc4 37. Rxc4 0-1

[Event "*** Titled Tuesday Blitz"]
[Site "Chess.com"]
[Date "2021.02.02"]
[Round "8"]
[White "Blitzking642"]
[Black "isla88"]
[Result "1-0"]
[WhiteElo "2466"]
[BlackElo "2312"]
[TimeControl "180+1"]
[EndTime "11:28:36 PST"]
[Termination "Blitzking642 won by resignation"]

1. e4 d6 2. Nc3 c5 3. f4 g6 4. Nf3 Bg7 5. Bc4 e6 6. O-O Ne7 7. d4 cxd4 8. Nxd4 O-O 9. Bb3 Nbc6 10. Be3 Nxd4 11. Bxd4 Bxd4+ 12. Qxd4 Qb6 13. Qxb6 axb6 14.
Rfd1 Rd8 15. Nb5 d5 16. c4 Bd7 17. Nc7 Rac8 18. cxd5 exd5 19. Nxd5 Nxd5 20. Bxd5 Bc6 21. Bxc6 Rxd1+ 22. Rxd1 Rxc6 23. Rd2 Kg7 24. Kf2 Rc4 25. Ke3 Rc1 26. e5 h5 27. g3 Kh6 28. Rd3 Kg7 29. Rb3 Rc2 30. Rxb6 Rxh2 31. Rxb7 Rh3 32. e6 Rxg3+ 33. Kf2 Rg4 34. e7 Rxf4+ 35. Ke3 Rf1 36. Ke2 1-0

[Event "*** Titled Tuesday Blitz"]
[Site "Chess.com"]
[Date "2021.02.02"]
[Round "8"]
[White "pavelalexandru07"]
[Black "The_filthy"]
[Result "0-1"]
[WhiteElo "2310"]
[BlackElo "2230"]
[TimeControl "180+1"]
[EndTime "11:28:36 PST"]
[Termination "The_filthy won by resignation"]

1. g3 d5 2. Bg2 e5 3. d3 Nc6 4. c4 Nf6 5. cxd5 Nxd5 6. Nc3 Be6 7. Nf3 Be7 8. O-O Qd7 9. Nxd5 Bxd5 10. Nd2 Bxg2 11.
Kxg2 h5 12. h4 g5 13. hxg5 h4 14. Rh1 O-O-O 15. Ne4 hxg3 16. fxg3 Nd4 17. e3 Ne6 18. Rxh8 Rxh8 19. Qg4 Qxd3 20. g6 Rg8 21. Qf5 Rxg6 22. Bd2 Qd7 23. Qf3 f5 24. Nf2 Qxd2 25.
Rd1 Qc2 26. Qh5 Qc6+ 27. e4 Nf4+ 0-1

[Event "*** Titled Tuesday Blitz"]
[Site "Chess.com"]
[Date "2021.02.02"]
[Round "8"]
[White "dropstoneDP"]
[Black "AlexeiShirov"]
[Result "0-1"]
[WhiteElo "2941"]
[BlackElo "2845"]
[TimeControl "180+1"]
[EndTime "11:28:37 PST"]
[Termination "AlexeiShirov won on time"]

1. e4 e5 2. Nf3 Nc6 3. Bb5 a6 4.
Ba4 Nf6 5. O-O b5 6. Bb3 Bc5 7. a4 Rb8 8. c3 d6 9. d4 Bb6 10.
a5 Ba7 11. h3 O-O 12. Be3 Re8 13. Nbd2 exd4 14. cxd4 Bb7 15. Ng5 Re7 16. e5 dxe5 17. dxe5 Bxe3 18. exf6 Bxg5 19. fxe7 Qxd2 20. Bxf7+ Kxf7 21. Qh5+ Kxe7 22. Rfe1+ Kf8 23. Rad1 Qf4 24. Rd5 h6 25.
Re3 Ne7 26. Rd7 Bc6 27. Rdd3 Kg8 28. g3 Qf7 0-1

[Event "*** Titled Tuesday Blitz"]
[Site "Chess.com"]
[Date "2021.02.02"]
[Round "8"]
[White "Bodnar_Mykola"]
[Black "GCamachoMartinez"]
[Result "1-0"]
[WhiteElo "2548"]
[BlackElo "2422"]
[TimeControl "180+1"]
[EndTime "11:28:39 PST"]
[Termination "Bodnar_Mykola won by resignation"]

1. e4 c5 2. Nf3 d6 3. d4 cxd4 4.
Nxd4 Nf6 5. f3 e5 6. Bb5+ Nbd7 7. Nf5 d5 8. exd5 a6 9. Bxd7+ Bxd7 10. Ne3 Bc5 11.
c4 b5 12. Nc3 O-O 13. O-O bxc4 14. Kh1 Bd4 15. Nxc4 Bxc3 16. bxc3 Bb5 17. Ne3 Bxf1 18. Qxf1 Nxd5 19. c4 Nxe3 20. Bxe3 Rc8 21. c5 Qc7 22. Qxa6 Rfd8 23. a4 f5 24. Qe6+ Qf7 25. Qxe5 Re8 26. Qc3 f4 27. Bg1 Re2 28. Qd3 Rce8 29. c6 Qc7 30.
Rc1 h6 31. h3 R8e6 32. a5 Qxa5 33. c7 Qg5 34. c8=Q+ Re8 35. Qxe2 1-0

[Event "*** Titled Tuesday Blitz"]
[Site "Chess.com"]
[Date "2021.02.02"]
[Round "8"]
[White "GMaka"]
[Black "GelmanAlexander"]
[Result "0-1"]
[WhiteElo "2418"]
[BlackElo "2585"]
[TimeControl "180+1"]
[EndTime "11:28:40 PST"]
[Termination "GelmanAlexander won by resignation"]

1. d4 Nf6 2. Bg5 c5 3. Bxf6 gxf6 4. d5 f5 5. c3 Bg7 6. g3 d6 7. Bg2 e5 8. dxe6 fxe6 9. e4 O-O 10. exf5 Rxf5 11.
Nf3 Nc6 12. O-O d5 13. Nh4 Rf8 14. Na3 Bd7 15. f4 b5 16. Nxb5 Rb8 17. Qe2 Qb6 18. c4 Nd4 19. Nxd4 cxd4 20. Kh1 dxc4 21. Qxc4 Bb5 22. Qc2 Bxf1 23. Rxf1 Qxb2 24. Qe4 Qxa2 25.
Nf3 Qd5 26. Ng5 Qxe4 27. Bxe4 Rb6 28. Bxh7+ Kh8 29. Be4 Bf6 30. Nh7 Rf7 31. Bg6 Rxh7 0-1

[Event "*** Titled Tuesday Blitz"]
[Site "Chess.com"]
[Date "2021.02.02"]
[Round "8"]
[White "LubovMarkelova"]
[Black "noblerone"]
[Result "0-1"]
[WhiteElo "2250"]
[BlackElo "2405"]
[TimeControl "180+1"]
[EndTime "11:28:49 PST"]
[Termination "noblerone won by checkmate"]

1. Nf3 d5 2. d4 Nf6 3. c4 c6 4.
e3 Bg4 5. h3 Bh5 6. g4 Bg6 7.
Ne5 e6 8. Bg2 Nbd7 9. Nxg6 hxg6 10. Qd3 Bd6 11. Nc3 a6 12. a3 Qe7 13. b4 dxc4 14. Qxc4 e5 15. O-O O-O 16. d5 c5 17.
b5 Nb6 18. Qe2 e4 19. Bb2 Qe5 20. f4 exf3 21. Qxf3 Nc4 22. Bc1 Qxc3 23. Ra2 Qe5 24. Raf2 Qh2# 0-1

[Event "*** Titled Tuesday Blitz"]
[Site "Chess.com"]
[Date "2021.02.02"]
[Round "8"]
[White "Dii210"]
[Black "onetowin"]
[Result "1-0"]
[WhiteElo "2231"]
[BlackElo "2000"]
[TimeControl "180+1"]
[EndTime "11:28:49 PST"]
[Termination "Dii210 won by resignation"]

1. e4 c5 2. Nf3 e6 3. d4 cxd4 4. Nxd4 Nc6 5. Nb5 d6 6. c4 Nf6 7. N1c3 a6 8. Nd4 Be7 9. Be3 Qc7 10. Be2 O-O 11. Qd2 Nd7 12. f3 Nc5 13. O-O Rd8 14. Rac1 Rb8 15. Rfd1 Bd7 16. Bf1 Be8 17. Qf2 Rd7 18. Nc2 b6 19. b4 Nb7 20. Bxb6 Qc8 21. a3 Bf6 22. Na4 Nbd8 23. Be3 Ne7 24. Nb6 Rxb6 25. Bxb6 d5 26. cxd5 exd5 27. exd5 Nxd5 28.
Ne3 Qb7 29. Nxd5 Rxd5 30. Rxd5 Qxd5 31. Bxa6 Ne6 32. Bc4 Qd6 33. Bxe6 Qxe6 34. Re1 Qd7 35. Qe3 Kf8 36. Bc5+ Be7 37. Bxe7+ Qxe7 38. Qxe7+ 1-0

[Event "*** Titled Tuesday Blitz"]
[Site "Chess.com"]
[Date "2021.02.02"]
[Round "8"]
[White "BL4D3RUNN3R"]
[Black "tk22h"]
[Result "1-0"]
[WhiteElo "2227"]
[BlackElo "2345"]
[TimeControl "180+1"]
[EndTime "11:28:50 PST"]
[Termination "BL4D3RUNN3R won by resignation"]

1. Nf3 Nf6 2. c4 g6 3. b4 Bg7 4. Bb2 O-O 5. g3 d6 6. Bg2 e5 7.
O-O c6 8. Na3 Nbd7 9. Rc1 Re8 10. d3 a5 11. b5 Nc5 12. d4 exd4 13. Nxd4 cxb5 14. Naxb5 Ra6 15. Nb3 Nce4 16. Qc2 Bf5 17. N3d4 Bd7 18. Rfd1 Bc6 19. f3 Nc5 20. Nxc6 Rxc6 21. e4 Qb6 22. Kh1 Nfd7 23. Bxg7 Kxg7 24. Rb1 Qa6 25. Rxd6 Rxd6 26. Nc7 Qc6 27. Nxe8+ Kf8 28.
Nxd6 Qxd6 29. Rd1 Qc6 30. Qd2 Qa4 31. Bh3 Ne5 32. Qd6+ 1-0

[Event "*** Titled Tuesday Blitz"]
[Site "Chess.com"]
[Date "2021.02.02"]
[Round "8"]
[White "ChessWarrior7197"]
[Black "Sibelephant"]
[Result "1-0"]
[WhiteElo "2936"]
[BlackElo "3050"]
[TimeControl "180+1"]
[EndTime "11:28:51 PST"]
[Termination "ChessWarrior7197 won by resignation"]

1. e4 e5 2. Nf3 Nc6 3. Bc4 Be7 4. d4 d6 5. dxe5 dxe5 6. Qxd8+ Bxd8 7. Nc3 Nf6 8. Be3 Be6 9. Bb5 Nd7 10. O-O-O f6 11. Bxc6 bxc6 12. Nd2 Be7 13. Na4 Kf7 14. Nb3 a5 15.
Nbc5 Bxc5 16. Bxc5 Rhd8 17. b3 Rab8 18. Be3 Ke8 19.
Rd3 Nb6 20. Rxd8+ Kxd8 21. Rd1+ Ke7 22. Bc5+ Ke8 23. Nc3 a4 24. Bxb6 cxb6 25. Nxa4 Ke7 26. Kb2 Bd7 27. c4 b5 28. Nc5 Be8 29. Kc3 Bf7 30.
a4 bxc4 31. Rd7+ Ke8 32. b4 Ra8 33. a5 Rb8 34. a6 Ra8 35. a7 1-0

[Event "*** Titled Tuesday Blitz"]
[Site "Chess.com"]
[Date "2021.02.02"]
[Round "8"]
[White "Man-Chuk"]
[Black "Alexander_Moskalenko"]
[Result "1-0"]
[WhiteElo "2927"]
[BlackElo "2812"]
[TimeControl "180+1"]
[EndTime "11:28:52 PST"]
[Termination "Man-Chuk won by resignation"]

1. c4 b6 2. Nc3 Bb7 3. d4 e6 4. a3 f5 5. d5 Nf6 6. dxe6 dxe6 7.
Qxd8+ Kxd8 8. Bf4 Bd6 9. Rd1 Ke7 10. Bxd6+ cxd6 11. Nb5 Ne8 12. Nf3 Nd7 13. e3 a6 14. Nc3 Nef6 15. Be2 Rhc8 16. O-O d5 17.
cxd5 Nxd5 18. Nxd5+ Bxd5 19. Nd4 g6 20. Rd2 Nf6 21. f3 e5 22. Nc2 Bb3 23. Nb4 a5 24. Nd3 e4 25. Ne5 Ke6 26. f4 Rd8 27. Rxd8 Rxd8 28.
Rc1 Rd2 29. Rc6+ Ke7 30. Rxb6 a4 31. Bc4 Rxb2 32. Re6+ Kd8 33. Rxf6 Rc2 34. Bb5 Ra2 35.
Ra6 Rxa3 36. Ra7 Bd5 37. Rd7+ Kc8 38. Rxd5 Ra1+ 39. Kf2 a3 40. Be2 a2 41. Ra5 g5 42.
fxg5 h6 43. gxh6 f4 44. exf4 Rf1+ 45. Bxf1 e3+ 46. Kxe3 a1=Q 47. Rxa1 1-0

[Event "*** Titled Tuesday Blitz"]
[Site "Chess.com"]
[Date "2021.02.02"]
[Round "8"]
[White "SergeyShtyka"]
[Black "EugeneRougon"]
[Result "0-1"]
[WhiteElo "2471"]
[BlackElo "2716"]
[TimeControl "180+1"]
[EndTime "11:28:52 PST"]
[Termination "EugeneRougon won by resignation"]

1. e4 d6 2. d4 g6 3. Nc3 Nf6 4. Nge2 Bg7 5. g3 O-O 6. Bg2 e5 7. h3 exd4 8. Nxd4 Re8 9. O-O Nc6 10. Nb3 a5 11. a4 Be6 12. Bg5 h6 13. Bf4 Ne5 14.
Bxe5 dxe5 15. Nc5 Bc4 16. Qxd8 Rexd8 17. Rfd1 b6 18. Nd3 Nd7 19. b3 Be6 20. Nb5 c6 21.
Nc7 Rac8 22. Nxe6 fxe6 23. h4 Kf7 24. Bf1 Ke7 25. Be2 h5 26. Kg2 Nf6 27. f3 Ne8 28. Nb2 Nd6 29. Nc4 Nxc4 30. Bxc4 Rd4 31. Rxd4 exd4 32. Rd1 e5 33. Kf2 Rb8 34. Ke2 b5 35.
axb5 cxb5 36. Bd5 Rc8 37. Ra1 Rxc2+ 38. Kd1 d3 39. Rxa5 Bh6 40. Ra7+ Kd8 41. Ra1 Rh2 42.
Ra8+ Kc7 43. f4 exf4 44. gxf4 Bxf4 0-1

[Event "*** Titled Tuesday Blitz"]
[Site "Chess.com"]
[Date "2021.02.02"]
[Round "8"]
[White "GMKrikor"]
[Black "JAAC2002"]
[Result "1-0"]
[WhiteElo "2791"]
[BlackElo "2499"]
[TimeControl "180+1"]
[EndTime "11:28:54 PST"]
[Termination "GMKrikor won by resignation"]

1. Nf3 Nf6 2. c4 c5 3. Nc3 e6 4. g3 b6 5. Bg2 Bb7 6. O-O Be7 7. Re1 d6 8. e4 Nbd7 9. d4 cxd4 10. Nxd4 Qc8 11.
Be3 a6 12. Rc1 O-O 13. f4 Qc7 14. g4 Nc5 15. Bf2 g6 16. b4 Ncd7 17. Nd5 exd5 18. cxd5 Qd8 19. Nc6 Bxc6 20. dxc6 Rc8 21. e5 dxe5 22.
fxe5 Nxe5 23. Rxe5 Qxd1+ 24. Rxd1 Bxb4 25. Bxb6 Rb8 26.
Ba7 Ra8 27. Bc5 Bxc5+ 28. Rxc5 Rfc8 29. c7 Ra7 30. Rd8+ 1-0

[Event "*** Titled Tuesday Blitz"]
[Site "Chess.com"]
[Date "2021.02.02"]
[Round "8"]
[White "Sharpchess22"]
[Black "Ave_Mariia"]
[Result "1-0"]
[WhiteElo "2688"]
[BlackElo "2475"]
[TimeControl "180+1"]
[EndTime "11:28:54 PST"]
[Termination "Sharpchess22 won by resignation"]

1. d4 Nf6 2. Nf3 e6 3. Bf4 c5 4.
e3 b6 5. h3 Bb7 6. Nbd2 d6 7.
Bb5+ Nbd7 8. Nc4 Ne4 9. O-O Qc7 10. Nfe5 dxe5 11. Nxe5 Bd6 12. Bxd7+ Kf8 13. Ba4 g5 14. Nd7+ Kg7 15. Bxd6 Qxd6 16. dxc5 Qxd1 17. Raxd1 bxc5 18. Ne5 Rhd8 19. f3 Ng3 20. Rfe1 Nf5 21. Kf2 f6 22. Nd3 c4 23. Nc5 Bd5 24. e4 Rac8 25. Na6 Bb7 26.
exf5 Bxa6 27. fxe6 Re8 28. Bxe8 1-0